ACL
ACL JACKSONVILLE BOMBERS @ ACL CHICAGO (N) CUBS
05/10/2042
 
TOP OF THE 1ST
ACL Jacksonville Bombers batting - Pitching for ACL Chicago (N) Cubs : LHP Dan Hanna
Pitching: LHP Dan Hanna
Batting: RHB Tomás Cantú 0-0: Swinging Strike
0-1: Foul Ball, location: 2F
0-2: Ball
1-2: Ball
2-2: Ball
3-2: Foul Ball, location: 9LSF
3-2: Foul Ball, location: 2F
3-2: Foul Ball, location: 25F
3-2: Foul Ball, location: 9LDF
3-2: Foul Ball, location: 3F
3-2: Foul Ball, location: 5FF
3-2: Base on Balls
Batting: LHB Don Anderson 0-0: Ball
1-0: Called Strike
1-1: Swinging Strike
1-2: Strikes out swinging
Batting: RHB Joe Cochran 0-0: Swinging Strike
0-1: Swinging Strike
0-2: Ball
1-2: Strikes out swinging
Batting: LHB Brad Hall 0-0: Called Strike
0-1: Ball
Tomás Cantú is caught stealing 2nd base 2-6
Top of the 1st over - 0 runs, 0 hits, 0 errors, 0 left on base; ACL Jacksonville 0 - ACL Chicago (N) 0
BOTTOM OF THE 1ST
ACL Chicago (N) Cubs batting - Pitching for ACL Jacksonville Bombers : RHP Mike Butt
Pitching: RHP Mike Butt
Batting: RHB Josh Belcher 0-0: Ball
1-0: Called Strike
1-1: Ground out 2-3 (Groundball, 13S, EV 70.0 MPH)
Batting: RHB Alfredo Durán 0-0: Called Strike
0-1: Foul Ball, location: 2F
0-2: Strikes out looking
Batting: RHB Gil Parker 0-0: Called Strike
0-1: Ball
1-1: Fly out, F4 (Popup, 4MS, EV 72.5 MPH)
Bottom of the 1st over - 0 runs, 0 hits, 0 errors, 0 left on base; ACL Jacksonville 0 - ACL Chicago (N) 0
TOP OF THE 2ND
ACL Jacksonville Bombers batting - Pitching for ACL Chicago (N) Cubs : LHP Dan Hanna
Batting: LHB Brad Hall 0-0: Called Strike
0-1: Ball
1-1: Ball
2-1: Ball
3-1: Base on Balls
Batting: RHB Don Wiggins 0-0: Sac Bunt to 3S - play at first, batter OUT! 3-4
Brad Hall to second
Batting: RHB Dorian Adkins 0-0: Called Strike
0-1: SINGLE (Groundball, 5D, EV 96.9 MPH)
Brad Hall to third
Batting: RHB Shawn Vargas 0-0: Called Strike
0-1: Called Strike
0-2: Strikes out swinging
Batting: RHB Juan Gallegos 0-0: Called Strike
0-1: Called Strike
0-2: Foul Ball, location: 3F
0-2: Ball
1-2: Strikes out looking
Top of the 2nd over - 0 runs, 1 hit, 0 errors, 2 left on base; ACL Jacksonville 0 - ACL Chicago (N) 0
BOTTOM OF THE 2ND
ACL Chicago (N) Cubs batting - Pitching for ACL Jacksonville Bombers : RHP Mike Butt
Batting: SHB Juan Martínez 0-0: Foul Ball, location: 7LSF
0-1: Called Strike
0-2: Foul Ball, location: 2F
0-2: Strikes out looking
Batting: LHB Iván Ríos 0-0: Ball
1-0: Ball
2-0: Ball
3-0: Called Strike
3-1: Base on Balls
Batting: LHB Víctor Rodríguez 0-0: Ball
1-0: Ball
2-0: Ball
3-0: Called Strike
3-1: Hit by Pitch
Iván Ríos to second
Batting: RHB Sergio Vargas 0-0: Called Strike
0-1: Foul Ball, location: 23F
0-2: Strikes out swinging
Batting: RHB Jim Unknown 0-0: Ball
1-0: Ball
2-0: Foul Ball, location: 5SF
2-1: Ball
3-1: Called Strike
3-2: Base on Balls
Iván Ríos to third
Víctor Rodríguez to second
Batting: LHB Manny Rangel 0-0: Foul Ball, location: 9LSF
0-1: Called Strike
0-2: Strikes out swinging
Bottom of the 2nd over - 0 runs, 0 hits, 0 errors, 3 left on base; ACL Jacksonville 0 - ACL Chicago (N) 0
TOP OF THE 3RD
ACL Jacksonville Bombers batting - Pitching for ACL Chicago (N) Cubs : LHP Dan Hanna
Batting: RHB Jim Unknown 0-0: Foul Ball, location: 7LMF
0-1: Fly out, F4 (Popup, 4M, EV 54.4 MPH)
Batting: RHB Tomás Cantú 0-0: Ball
1-0: Foul Ball, location: 3FF
1-1: Foul Ball, location: 2F
1-2: Ball
2-2: Ball
3-2: Strikes out swinging
Batting: LHB Don Anderson 0-0: Ball
1-0: Ball
2-0: Ground out 6-3 (Groundball, 6, EV 85.0 MPH)
Top of the 3rd over - 0 runs, 0 hits, 0 errors, 0 left on base; ACL Jacksonville 0 - ACL Chicago (N) 0
BOTTOM OF THE 3RD
ACL Chicago (N) Cubs batting - Pitching for ACL Jacksonville Bombers : RHP Mike Butt
Batting: RHB Josh Belcher 0-0: Ball
1-0: Foul Ball, location: 9LDF
1-1: Swinging Strike
1-2: Strikes out swinging
Batting: RHB Alfredo Durán 0-0: Ball
1-0: Called Strike
1-1: Ball
2-1: Foul Ball, location: 9LMF
2-2: Foul Ball, location: 9LDF
2-2: Strikes out swinging
Batting: RHB Gil Parker 0-0: Called Strike
0-1: Swinging Strike
0-2: Ball
1-2: Strikes out swinging
Bottom of the 3rd over - 0 runs, 0 hits, 0 errors, 0 left on base; ACL Jacksonville 0 - ACL Chicago (N) 0
TOP OF THE 4TH
ACL Jacksonville Bombers batting - Pitching for ACL Chicago (N) Cubs : LHP Dan Hanna
Batting: RHB Joe Cochran 0-0: Ground out U3 (Groundball, 34S, EV 83.1 MPH)
Batting: LHB Brad Hall 0-0: Ball
1-0: Ball
2-0: Foul Ball, location: 9LMFF
2-1: Ball
3-1: Base on Balls
Batting: RHB Don Wiggins 0-0: Swinging Strike
0-1: Ball
Brad Hall steals 2nd base
1-1: Called Strike
1-2: Ball
2-2: Ball
3-2: Strikes out swinging
Batting: RHB Dorian Adkins 0-0: Called Strike
0-1: Ball
1-1: Foul Ball, location: 9LDF
1-2: Ball
2-2: Strikes out swinging
Top of the 4th over - 0 runs, 0 hits, 0 errors, 1 left on base; ACL Jacksonville 0 - ACL Chicago (N) 0
BOTTOM OF THE 4TH
ACL Chicago (N) Cubs batting - Pitching for ACL Jacksonville Bombers : RHP Mike Butt
Batting: SHB Juan Martínez 0-0: Called Strike
0-1: Ball
1-1: Ball
2-1: Ball
3-1: Swinging Strike
3-2: Strikes out swinging
Batting: LHB Iván Ríos 0-0: Called Strike
0-1: Fly out, F9 (Line Drive, 89M, EV 94.4 MPH)
Batting: LHB Víctor Rodríguez 0-0: Ball
1-0: Swinging Strike
1-1: Fly out, F8 (Flyball, 78M, EV 88.8 MPH)
Bottom of the 4th over - 0 runs, 0 hits, 0 errors, 0 left on base; ACL Jacksonville 0 - ACL Chicago (N) 0
TOP OF THE 5TH
ACL Jacksonville Bombers batting - Pitching for ACL Chicago (N) Cubs : LHP Dan Hanna
Pitching: RHP Jim Unknown
Batting: RHB Shawn Vargas 0-0: Called Strike
0-1: Swinging Strike
0-2: Hit by Pitch
Batting: RHB Juan Gallegos 0-0: SINGLE (Line Drive, 5D, EV 95.0 MPH)
Shawn Vargas to second
Batting: RHB Jim Unknown 0-0: Called Strike
0-1: Sac Bunt to 23 - play at first, batter OUT! 3-4
Shawn Vargas to third
Juan Gallegos to second
Batting: RHB Tomás Cantú 0-0: Called Strike
0-1: Swinging Strike
0-2: Strikes out swinging
Batting: LHB Don Anderson 0-0: Ball
1-0: Ball
2-0: DOUBLE (Groundball, 3L, EV 93.8 MPH)
Shawn Vargas scores
Juan Gallegos scores
Batting: RHB Joe Cochran 0-0: Called Strike
0-1: Ball
1-1: Ball
2-1: Foul Ball, location: 5FF
2-2: Strikes out looking
Top of the 5th over - 2 runs, 2 hits, 0 errors, 1 left on base; ACL Jacksonville 2 - ACL Chicago (N) 0
BOTTOM OF THE 5TH
ACL Chicago (N) Cubs batting - Pitching for ACL Jacksonville Bombers : RHP Mike Butt
Batting: RHB Sergio Vargas 0-0: Called Strike
0-1: Called Strike
0-2: Ball
1-2: Strikes out swinging
Batting: RHB Jim Unknown 0-0: Ball
1-0: Swinging Strike
1-1: Called Strike
1-2: Strikes out swinging
Batting: LHB Manny Rangel 0-0: Ball
1-0: SINGLE (Line Drive, 5D, EV 94.4 MPH)
Batting: RHB Josh Belcher 0-0: SINGLE (Groundball, 13S, EV 69.4 MPH) (infield hit)
Manny Rangel to second
Batting: RHB Alfredo Durán 0-0: Called Strike
0-1: Called Strike
0-2: Ball
1-2: Strikes out swinging
Bottom of the 5th over - 0 runs, 2 hits, 0 errors, 2 left on base; ACL Jacksonville 2 - ACL Chicago (N) 0
TOP OF THE 6TH
ACL Jacksonville Bombers batting - Pitching for ACL Chicago (N) Cubs : RHP Jim Unknown
Batting: LHB Brad Hall 0-0: Ball
1-0: Ball
2-0: Ground out 6-3 (Groundball, 6, EV 77.5 MPH)
Batting: RHB Don Wiggins 0-0: Swinging Strike
0-1: Ball
1-1: Ball
2-1: Ball
3-1: Base on Balls
Batting: RHB Dorian Adkins 0-0: Fielders Choice at 2nd, 1-4 (Groundball, 15, EV 62.5 MPH)
Batting: RHB Shawn Vargas 0-0: Called Strike
0-1: Called Strike
0-2: Ball
1-2: Ball
Dorian Adkins is caught stealing 2nd base 2-4
Top of the 6th over - 0 runs, 0 hits, 0 errors, 0 left on base; ACL Jacksonville 2 - ACL Chicago (N) 0
BOTTOM OF THE 6TH
ACL Chicago (N) Cubs batting - Pitching for ACL Jacksonville Bombers : RHP Mike Butt
Batting: RHB Gil Parker 0-0: Called Strike
0-1: Foul Ball, location: 5DF
0-2: Ball
1-2: Ball
2-2: Strikes out swinging
Pitching: LHP Ben Stephens
Batting: SHB Juan Martínez 0-0: Ground out 5-3 (Groundball, 56S, EV 75.0 MPH)
Batting: LHB Iván Ríos 0-0: Ball
1-0: Called Strike
1-1: Ball
2-1: Ball
3-1: Foul Ball, location: 5FF
3-2: Strikes out swinging
Bottom of the 6th over - 0 runs, 0 hits, 0 errors, 0 left on base; ACL Jacksonville 2 - ACL Chicago (N) 0
TOP OF THE 7TH
ACL Jacksonville Bombers batting - Pitching for ACL Chicago (N) Cubs : RHP Jim Unknown
Batting: RHB Shawn Vargas 0-0: Foul Ball, location: 25F
0-1: Called Strike
0-2: Strikes out swinging
Batting: RHB Juan Gallegos 0-0: Called Strike
0-1: Called Strike
0-2: Fly out, F8 (Flyball, 8RM, EV 85.0 MPH)
Batting: RHB Jim Unknown 0-0: Ball
1-0: Called Strike
1-1: Ball
2-1: Foul Ball, location: 5FF
2-2: Strikes out swinging
Top of the 7th over - 0 runs, 0 hits, 0 errors, 0 left on base; ACL Jacksonville 2 - ACL Chicago (N) 0
BOTTOM OF THE 7TH
ACL Chicago (N) Cubs batting - Pitching for ACL Jacksonville Bombers : LHP Ben Stephens
Batting: LHB Víctor Rodríguez 0-0: Ball
1-0: Called Strike
1-1: Called Strike
1-2: Ground out 4-3 (Groundball, 4, EV 94.4 MPH)
Batting: RHB Sergio Vargas 0-0: Ball
1-0: Swinging Strike
1-1: DOUBLE (Line Drive, 7LS, EV 88.8 MPH)
Batting: RHB Jim Unknown 0-0: Called Strike
0-1: Swinging Strike
0-2: Ball
1-2: Strikes out swinging
Batting: LHB Manny Rangel 0-0: Ball
1-0: Fly out, F8 (Flyball, 8LXD, EV 89.4 MPH)
Bottom of the 7th over - 0 runs, 1 hit, 0 errors, 1 left on base; ACL Jacksonville 2 - ACL Chicago (N) 0
TOP OF THE 8TH
ACL Jacksonville Bombers batting - Pitching for ACL Chicago (N) Cubs : RHP Jim Unknown
Batting: RHB Tomás Cantú 0-0: Called Strike
0-1: Ball
1-1: Called Strike
1-2: Strikes out swinging
Batting: LHB Don Anderson 0-0: Ball
1-0: Called Strike
1-1: Ball
2-1: Ball
3-1: Base on Balls
Batting: RHB Joe Cochran 0-0: Foul Ball, location: 2F
0-1: Swinging Strike
0-2: Strikes out swinging
Pitching: LHP Jim Unknown
Batting: LHB Brad Hall 0-0: Swinging Strike
0-1: Ball
1-1: DOUBLE (Line Drive, 78D, EV 100.6 MPH)
Don Anderson to third
Batting: RHB Don Wiggins 0-0: Called Strike
0-1: Foul Ball, location: 2F
0-2: Ball
1-2: Strikes out swinging
Top of the 8th over - 0 runs, 1 hit, 0 errors, 2 left on base; ACL Jacksonville 2 - ACL Chicago (N) 0
BOTTOM OF THE 8TH
ACL Chicago (N) Cubs batting - Pitching for ACL Jacksonville Bombers : LHP Ben Stephens
Batting: RHB Josh Belcher 0-0: Ball
1-0: Ball
2-0: Called Strike
2-1: Foul Ball, location: 3FF
2-2: Ball
3-2: Strikes out swinging
Batting: RHB Alfredo Durán 0-0: Ball
1-0: Called Strike
1-1: Called Strike
1-2: Strikes out looking
Batting: RHB Gil Parker 0-0: Called Strike
0-1: Swinging Strike
0-2: Strikes out swinging
Bottom of the 8th over - 0 runs, 0 hits, 0 errors, 0 left on base; ACL Jacksonville 2 - ACL Chicago (N) 0
TOP OF THE 9TH
ACL Jacksonville Bombers batting - Pitching for ACL Chicago (N) Cubs : LHP Jim Unknown
Batting: RHB Dorian Adkins 0-0: Fly out, F9 (Flyball, 9S, EV 78.8 MPH)
Pinch Hitting: RHB Max Day 0-0: Foul Ball, location: 2F
0-1: Ground out 6-3 (Groundball, 6, EV 78.8 MPH)
Batting: RHB Juan Gallegos 0-0: Ball
1-0: Ball
2-0: Ball
3-0: Base on Balls
Pinch Hitting: RHB Mario Quintanilla 0-0: Ball
1-0: Called Strike
1-1: 2-RUN HOME RUN (Line Drive, 7D, EV 96.9 MPH), Distance : 365 ft
Batting: RHB Tomás Cantú 0-0: Called Strike
0-1: Ball
1-1: SOLO HOME RUN (Flyball, 7LD, EV 95.6 MPH), Distance : 350 ft
Pitching: LHP Jim Unknown
Batting: LHB Don Anderson 0-0: Foul Ball, location: 7LSF
0-1: Ball
1-1: Swinging Strike
1-2: Ball
2-2: Foul Ball, location: 7LSF
2-2: Foul Ball, location: 2F
2-2: Strikes out looking
Top of the 9th over - 3 runs, 2 hits, 0 errors, 0 left on base; ACL Jacksonville 5 - ACL Chicago (N) 0
BOTTOM OF THE 9TH
ACL Chicago (N) Cubs batting - Pitching for ACL Jacksonville Bombers : LHP Ben Stephens
Now at C: Jim Unknown
Now at 1B: Juan Miranda
Batting: LHB Chris MacGruder 0-0: Ball
1-0: Ball
2-0: Ball
3-0: Base on Balls
Pinch Hitting: RHB Dave Jones 0-0: Swinging Strike
0-1: Ball
1-1: Ball
2-1: Ball
3-1: Fly out, F9 (Line Drive, 9, EV 98.8 MPH)
Pinch Hitting: SHB Von Smith 0-0: Ball
1-0: Ball
2-0: Ball
3-0: Called Strike
3-1: Fly out, F4 (Popup, 34, EV 74.4 MPH)
Batting: RHB Sergio Vargas 0-0: Ball
1-0: Foul Ball, location: 9LMF
1-1: Called Strike
1-2: Foul Ball, location: 2F
1-2: Ball
2-2: Foul Ball, location: 9LSF
2-2: Strikes out swinging
Bottom of the 9th over - 0 runs, 0 hits, 0 errors, 1 left on base; ACL Jacksonville 5 - ACL Chicago (N) 0
Friday, May 3rd , 2024 - OOTP Baseball 24.10 Build 82